 Dungeon Crawl Stone Soup version 0.27.1-1-g398f81649c (webtiles) character file.

Game seed: 14323116811739051468

7 pokedragonboy the Magician (level 1, -2/10 HPs)
             Began as a Deep Elf Hedge Wizard on Sept 11, 2021.
             Slain by a phantom (7 damage)
             ... on level 2 of the Dungeon.
             The game lasted 00:03:02 (573 turns).

pokedragonboy the Magician (Deep Elf Hedge Wizard)   Turns: 573, Time: 00:03:04

Health: -2/10      AC:  2    Str:  7    XL:     1   Next: 91%
Magic:  6/8        EV: 12    Int: 18    God:
Gold:   46         SH:  0    Dex: 14    Spells: 8/9 levels left

rFire    . . .     SeeInvis .   a - +0 dagger
rCold    . . .     Faith    .   (no shield)
rNeg     . . .     Spirit   .   b - +0 robe
rPois    .         Reflect  .   c - +0 hat
rElec    .         Harm     .   (no cloak)
rCorr    .         Rampage  .   (no gloves)
Will     .....                  (no boots)
Stlth    ++........             (no amulet)
HPRegen  0.03/turn              (no ring)
MPRegen  0.11/turn              (no ring)

@: no status effects
A: no striking features
a: no special abilities


You were on level 2 of the Dungeon.
You visited 1 branch of the dungeon, and saw 2 of its levels.

You collected 68 gold pieces.
You spent 22 gold pieces at shops.

Inventory:

Hand Weapons
 a - a +0 dagger (weapon)
Armour
 b - a +0 robe (worn)
 c - a +0 hat (worn)
Scrolls
 f - a scroll of noise {unknown}
 g - a scroll of amnesia {unknown}
Potions
 d - 3 potions of brilliance
 e - a potion of heal wounds {unknown}
 h - 2 potions of curing {unknown}


   Skills:
 + Level 2.6 Dodging
 - Level 2.4 Stealth
 + Level 4.5 Spellcasting
 * Level 1.7 Conjurations
 - Level 1.1 Summonings
 - Level 1.1 Translocations


You had 8 spell levels left.
You knew the following spells:

 Your Spells              Type           Power      Damage    Failure   Level
a - Magic Dart            Conj           40%        1d5       7%          1

Your spell library contained the following spells:

 Spells                   Type           Power      Damage    Failure   Level
 Blink                    Tloc           N/A        N/A       13%         2
 Call Imp                 Summ           8%         N/A       13%         2
 Slow                     Hex            4%         N/A       22%         2
 Conjure Flame            Conj/Fire      7%         6-21      28%         3
 Mephitic Cloud           Conj/Pois/Air  6%         N/A       32%         3
 Ignite Poison            Fire/Tmut/Pois 4%         N/A       38%         3
 Sticky Flame             Conj/Fire      7%         2d3       67%         4


Dungeon Overview and Level Annotations

Branches:
Dungeon (2/15)

Altars:

Shops:
D:1 ??

Annotations:
D:2 exclusion: phantom


Message History

There is a stone staircase leading down here.
A frilled lizard comes into view.
Casting: Magic Dart (safe; 7% risk of failure)
Confirm with . or Enter, or press ? or * to list all spells.
Aiming: Magic Dart (safe; 7% risk of failure)
Press: ? - help, Shift-Dir - straight line, f - frilled lizard
Aim: a frilled lizard (asleep, 100% to hit)
The magic dart hits the frilled lizard.
You kill the frilled lizard!
You see here 22 stones.
Found a bubbling amethyst potion.
A phantom comes into view.
You see here a bubbling amethyst potion.
Press: ? - help, v - describe, . - travel
Here: a phantom (dormant)
The floor.
Placed new exclusion.
h - 2 bubbling amethyst potions (gained 1)
Casting: Magic Dart (safe; 7% risk of failure)
Confirm with . or Enter, or press ? or * to list all spells.
Aiming: Magic Dart (safe; 7% risk of failure)
Press: ? - help, Shift-Dir - straight line, f - phantom
Aim: a phantom (100% to hit)
The magic dart hits the phantom but does no damage.
You hit the phantom but do no damage. The phantom closely misses you.
You closely miss the phantom. The phantom misses you.
You hit the phantom.
The phantom is lightly damaged.
The phantom hits you.
Ouch! That really hurt!
Casting: Magic Dart (safe; 7% risk of failure)
Confirm with . or Enter, or press ? or * to list all spells.
Aiming: Magic Dart (safe; 7% risk of failure)
Press: ? - help, Shift-Dir - straight line, f/p - phantom
Aim: a phantom (lightly damaged, 100% to hit)
The magic dart hits the phantom but does no damage.
The phantom is lightly damaged.
The phantom hits you!
Ouch! That really hurt!
You die...

.......########.#
....†....(.....>#
.........##.#####
.#####...##.#
#.......##.#
#.......##.#
###....###.#
#.##.###.#
#.#..@##.#
#...#W...#
###.#..#.# .....#
# #.###.# #. ..
## #.. ..


You could see a phantom.

Vanquished Creatures
  A dart slug (D:1)
  A hobgoblin (D:1)
  A ball python (D:1)
  A bat (D:1)
  2 frilled lizards
  A rat (D:2)
7 creatures vanquished.

Notes
Turn   | Place    | Note
-------+----------+-------------------------------------------
     0 | D:1      | pokedragonboy the Deep Elf Hedge Wizard began the quest for
                  | the Orb.
     0 | D:1      | Reached XP level 1. HP: 10/10 MP: 7/7
    19 | D:1      | Found a faded altar of an unknown god.
   150 | D:1      | Found Oghu's Magic Scroll Emporium.
   308 | D:1      | Found Heek's Magic Scroll Shop.
   371 | D:1      | Bought a scroll of identify for 22 gold pieces
   567 | D:2      | Noticed a phantom
   573 | D:2      | Slain by a phantom

Illustrated notes

Levels and vault maps discovered:
D:1:      wander_arrival_estate, layout_rooms, serial_shops, shop,
          nicolae_shop_crystal, ebering_ecumenical_altar_petrified
D:2:      layout_basic

Action                   || total
-------------------------++-------
Melee: Dagger            ||     3
 Cast: Magic Dart        ||    18
  Use: Scroll            ||     1
Dodge: Dodged            ||     2
